 Dungeon Crawl Stone Soup version 0.23.0-2-g0fe3ce5905 (webtiles) character file.

Game seed: 4554580170638496081

145 lilly the Cudgeler (level 5, 0/47 HPs)
             Began as a Minotaur Monk on Feb 20, 2019.
             Slain by an orc warrior
             ... wielding a +0 glaive
              (13 damage)
             ... on level 3 of the Dungeon.
             The game lasted 00:05:39 (2820 turns).

lilly the Cudgeler (Minotaur Monk)                  Turns: 2820, Time: 00:05:39

Health: 0/47       AC: 11    Str: 16    XL:     5   Next: 6%
Magic:  4/4        EV:  5    Int:  7    God:
Gold:   87         SH:  0    Dex: 13    Spells: 4/4 levels left

rFire    . . .     SeeInvis .   a - +0 mace
rCold    . . .     Gourm    .   (no shield)
rNeg     . . .     Faith    .   e - +0 plate armour
rPois    .         Spirit   .   (helmet restricted)
rElec    .         Reflect  .   f - scarf {cloud immunity}
rCorr    .         Harm     .   k - +0 pair of gloves
MR       .....                  (no boots)
Stlth    ..........             (no amulet)
HPRegen  0.15/turn              (no ring)
MPRegen  0.09/turn              (no ring)

@: very slightly contaminated, hasted, invisible, very quick
A: retaliatory headbutt, horns 2
a: no special abilities


You were on level 3 of the Dungeon.
You were very hungry.

You visited 1 branch of the dungeon, and saw 3 of its levels.

You collected 87 gold pieces.

Inventory:

Hand Weapons
 a - a +0 mace (weapon)
Armour
 e - a +0 plate armour (worn)
 f - a scarf of cloud immunity (worn)
 k - a +0 pair of gloves (worn)
Scrolls
 b - a scroll of fear {unknown}
 d - 2 scrolls of teleportation {unknown}
 i - 3 scrolls of identify {unknown}
 j - a scroll of noise
 l - 2 scrolls of remove curse {unknown}
 m - a scroll of enchant weapon {unknown}
Comestibles
 c - 4 rations


   Skills:
 + Level 4.3 Fighting
 * Level 6.2 Maces & Flails
 + Level 0.5 Armour
 + Level 3.7 Dodging
 + Level 1.6 Stealth


You had 4 spell levels left.
You didn't know any spells.
Your spell library was empty.

Dungeon Overview and Level Annotations

Branches:
Dungeon (3/15)

Altars:
Nemelex Xobeh


Innate Abilities, Weirdness & Mutations

You reflexively headbutt those who attack you in melee.
You have a pair of horns on your head.


Message History

Your plate armour prevents you from hitting the orc warrior.
The orc barely misses you.
The orc warrior hits you with a +0 glaive!
* * * LOW HITPOINT WARNING * * *
It was a potion of curing.
You feel better. The orc hits you but does no damage.
It was a potion of haste.
You feel yourself speed up. The orc warrior barely misses you.
The orc hits you from afar with a +0 trident.
* * * LOW HITPOINT WARNING * * *
It was a potion of invisibility.
You fade into invisibility!
The orc warrior closely misses you. You furiously retaliate!
You headbutt the orc warrior, but do no damage.
You are very lightly contaminated with residual magic.
You closely miss the orc warrior. You hit the orc warrior.
Your headbutt misses the orc warrior.
The orc warrior is lightly wounded.
The orc warrior hits you with a +0 glaive!
You die...

########### #..
#.........# #.#
###.#######.# #.# #<...#
#.# #.# ###..# #.# #.#
###..# #.# #.#
.#....######.###.####...
......Kooo@..[(.(.......
##.##.#o####.#[###.###.#
#.##.#.##...#.# #
##....#o##.###(##
......Ko..............
#.........#..#.###.###
##....#.#.#.)#.#
#......#o#.##..
##....#.#o#.....


You could see an orc warrior, 3 orcs and a kobold.

Vanquished Creatures
  5 gnolls
  An adder (D:2)
  An ooze (D:2)
  3 dart slugs
  5 orcs (D:3)
  A ball python (D:1)
  6 bats
  5 giant cockroaches
  4 goblins
  8 hobgoblins
  12 jackals
  2 frilled lizards
  7 kobolds
  4 rats
  A plant (D:1)
65 creatures vanquished.

Notes
Turn   | Place    | Note
-------+----------+-------------------------------------------
     0 | D:1      | lilly the Minotaur Monk began the quest for the Orb.
     0 | D:1      | Reached XP level 1. HP: 19/19 MP: 0/0
    30 | D:1      | Reached skill level 4 in Maces & Flails
    39 | D:1      | Reached XP level 2. HP: 10/27 MP: 1/1
   896 | D:1      | Reached XP level 3. HP: 33/33 MP: 2/2
   949 | D:1      | Reached skill level 5 in Maces & Flails
  1721 | D:2      | Reached XP level 4. HP: 35/40 MP: 3/3
  2377 | D:2      | Reached skill level 6 in Maces & Flails
  2579 | D:3      | Reached XP level 5. HP: 47/47 MP: 4/4
  2601 | D:3      | Found a sparkling altar of Nemelex Xobeh.
  2608 | D:3      | Noticed an orc warrior
  2820 | D:3      | Slain by an orc warrior

Skill      XL: |  1  2  3  4 |
---------------+-------------+-----
Maces & Flails | 4 5 6 |  6.2
Fighting       | 4 |  4.3
Armour         | |  0.5
Dodging        | |  3.7
Stealth        | |  1.6

Action                   |  1- 3 |  4- 6 || total
-------------------------+-------+-------++-------
Melee: Mace              |   109 |    75 ||   184
       Headbutt          |    20 |    13 ||    33
  Use: Scroll            |       |     1 ||     1
       Potion            |       |     3 ||     3
  Eat: Chunk             |     2 |     3 ||     5
Armor: Robe              |     7 |       ||     7
       Plate armour      |    41 |    88 ||   129
Dodge: Dodged            |    48 |    35 ||    83
